 Dungeon Crawl Stone Soup version 0.29.1-15-g9cfb28693d (webtiles) character file.

Game seed: 13827465478318781836

9 leafyfresh the Sneak (level 2, -6/21 HPs)
             Began as an Octopode Delver on Mar 11, 2023.
             Mangled by an ice beast (11 damage)
             ... on level 5 of the Dungeon.
             The game lasted 00:00:32 (78 turns).

leafyfresh the Sneak (Octopode Delver)                Turns: 78, Time: 00:00:32

Health: -6/21      AC:  1    Str: 11    XL:     2   Next: 12%
Magic:  2/2        EV: 13    Int: 12    God:
Gold:   0          SH:  0    Dex: 13    Spells: 1/1 levels left

rFire   . . .      SeeInvis .   a - +0 short sword
rCold   . . .      Faith    .   (no shield)
rNeg    . . .      Spirit   .   (helmet restricted)
rPois   .          Reflect  .   (no amulet)
rElec   .          Harm     .   (no ring)
rCorr   .          Rampage  .   (no ring)
Will    .....                   (no ring)
Stlth   ++++......              (no ring)
HPRegen 0.07/turn               (no ring)
MPRegen 0.08/turn               (no ring)
                                (no ring)
                                (no ring)

@: no status effects
A: almost no armour, amphibious, 8 rings, camouflage 1, gelatinous body 1,
(nimble swimmer 1), tentacles
a: no special abilities


You were on level 5 of the Dungeon.
You visited 1 branch of the dungeon, and saw 1 of its levels.

Inventory:

Hand Weapons
 a - a +0 short sword (weapon)
Wands
 f - a wand of digging (3)
 g - a wand of charming (15)
Scrolls
 b - a scroll of fog
 c - a scroll of magic mapping
 d - a scroll of fear
Potions
 e - a potion of haste


   Skills:
 + Level 3.2 Fighting
 - Level 2.0 Short Blades
 + Level 2.2 Dodging
 + Level 6.8 Stealth


You had one spell level left.
You didn't know any spells.
Your spell library was empty.

Dungeon Overview and Level Annotations

Branches:
Dungeon (5/15)
 Temple: D:4-7

Altars:


Innate Abilities, Weirdness & Mutations

You cannot wear most types of armour.
You are amphibious.
You can wear up to eight rings at the same time.
Your skin changes colour to match your surroundings (Stealth+).
Your rubbery body absorbs attacks. (AC +1, EV +1)
((You are camouflaged when in or above water. (Stealth+)))
You have tentacles for arms and can constrict up to eight enemies at once.


Message History

The adder hisses angrily.
The adder moves out of view.
You hit the adder. Your grab misses the adder. Your squeeze misses the adder.
The adder is lightly wounded.
The adder completely misses you.
You barely miss the adder. Your grab misses the adder.
Your squeeze misses the adder.
The adder is lightly wounded.
The adder bites you.
You hit the adder. You grab the adder.
The adder is lightly wounded.
You constrict the adder. The adder bites you.
You hit the adder. You squeeze the adder.
You kill the adder!
You have reached level 2!
You start resting.
An ice beast comes into view.
An ice beast is nearby!
An ice beast is nearby!
An ice beast is nearby!
An ice beast is nearby!
Unknown command.
Unknown command.
You start resting.
An ice beast is nearby!
Found 18 gold pieces.
Found a stone staircase leading down.
Found a ring mail.
Found a stone staircase leading up.
Found 8 gold pieces.
The ice beast hits you. The ice beast freezes you!
You closely miss the ice beast. The ice beast closely misses you.
You hit the ice beast but do no damage. Your squeeze misses the ice beast.
The ice beast closely misses you.
You closely miss the ice beast. Your squeeze misses the ice beast.
The ice beast hits you.
* * * LOW HITPOINT WARNING * * *
The ice beast freezes you!
Ouch! That really hurt!
You die...

......##...##......o
...)Y..#....###.#.o.
.........#.## #... . .#
...##......# ##. ..##..#.
.. #...##.# #.. ..#.... .
###..##..##..###...$##
.###.#...#...#.<........###
.....#..##......Y..[...##.#
#...###.##...@.........#
####...###.$...............
#........#..#..............
#.#....>.........#....#...
. ###...........##....#
##.......##..#...#....#
#.......##.>..### ..##
##........##..### ...
##.....#....#....## ##


You could see an ice beast.

Vanquished Creatures
  An adder (D:5)
1 creature vanquished.

Vanquished Creatures (others)
  2 withered plants (D:5)
2 creatures vanquished.

Grand Total: 3 creatures vanquished

Notes
Turn   | Place    | Note
-------+----------+-------------------------------------------
     0 | D:5      | leafyfresh the Octopode Delver began the quest for the Orb.
     0 | D:5      | Reached XP level 1. HP: 16/16 MP: 1/1
    15 | D:5      | Noticed an orc wizard
    29 | D:5      | Reached XP level 2. HP: 15/21 MP: 2/2
    39 | D:5      | Noticed an ice beast
    78 | D:5      | Mangled by an ice beast

Illustrated notes

Levels and vault maps discovered:
D:5:      layout_cave_pools, serial_undead, serial_undead_c, serial_undead_c,
          serial_undead_e, serial_undead_c, serial_undead_b, serial_undead_b,
          serial_undead_f, serial_undead_f, nicolae_grassy_gnolls, uniq_pikel

Action                   || total
-------------------------++-------
Melee: Short sword       ||     7
       Constrict         ||     1
       Tentacles         ||     1
Dodge: Dodged            ||     3
